 Dungeon Crawl Stone Soup version 0.16-a0-3458-g6d2551d (webtiles) character file.

5036 NewYearsCrawler the Cleaver (level 10, -3/70 HPs)
             Began as a Formicid Fighter on Jan 1, 2015.
             Was a Priest of Okawaru.
             Slain by an orc warrior
             ... wielding a +0 scimitar
              (13 damage)
             ... on level 10 of the Dungeon.
             The game lasted 00:14:46 (9042 turns).

NewYearsCrawler the Cleaver (Formicid Fighter)      Turns: 9042, Time: 00:14:46

Health: -3/70      AC: 18    Str: 30    XL:     10   Next: 85%
Magic:  14/14      EV:  6    Int:  7    God:    Okawaru [***...]
Gold:   261        SH: 10    Dex:  8    Spells: 0 memorised, 9 levels left

rFire  . . .     SeeInvis +     a - +1 war axe
rCold  . . .     Clarity  +     s - +0 plate armour
rNeg   + . .     SustAb   .     c - +0 shield
rPois  .         Gourm    .     (helmet unavailable)
rElec  .         Spirit   .     (no cloak)
rCorr  .         Warding  .     H - +0 pair of gloves
rMut   .         Stasis   +     (no boots)
MR     ++...                    (no amulet)
Stlth  ..........               x - ring of positive energy
                                m - ring of protection from magic (curse)

@: mighty, very resistant to hostile enchantments, extremely unstealthy
A: permanent stasis, dig shafts and tunnels, four strong arms, antennae 3, beak,
iridescent scales 2, breathe flames 1, clarity, clumsy 1, high mp 1, slow
healing 1, spit poison 1, wild magic 1, forlorn
a: Dig, Shaft Self, Spit Poison, Heroism, Renounce Religion, Breathe Fire


You were on level 10 of the Dungeon.
You worshipped Okawaru.
Okawaru was most pleased with you.
You were not hungry.

You visited 1 branch of the dungeon, and saw 10 of its levels.

You collected 540 gold pieces.
You spent 279 gold pieces at shops.

Inventory:

Hand weapons
 a - a +1 war axe (weapon)
Missiles
 g - 3 tomahawks (quivered)
Armour
 c - a +0 shield (worn)
 s - a +0 plate armour (worn)
 H - a +0 pair of gloves (worn)
Rods
 K - a +0 rod of shadows (9/11)
   (You found it on level 10 of the Dungeon)
Jewellery
 h - a +4 ring of intelligence
 m - a cursed ring of protection from magic (left hand)
 x - a ring of positive energy (right hand)
 F - an uncursed ring of flight
Magical devices
 b - a wand of disintegration (9)
 f - a wand of flame (21)
 j - a wand of disintegration (5)
 n - a wand of magic darts (38)
 p - a wand of fireball (4)
 v - a wand of flame (30)
 E - a wand of flame (9)
 G - a wand of enslavement (5)
Scrolls
 i - 2 scrolls of recharging
 k - 8 scrolls of identify
 l - a scroll of immolation
 q - 6 scrolls of remove curse
 r - 3 scrolls of magic mapping
 J - a scroll of fear
Potions
 e - 5 potions of might
 w - 2 potions of flight
 z - 3 potions of curing
 A - a potion of brilliance
 B - a potion of restore abilities
 D - 2 potions of heal wounds
Books
 u - a book of Alchemy

   Spells                             Type                      Level
   a - Sublimation of Blood           Necromancy                   2
   b - Alistair's Intoxication        Transmutation/Poison         4
   c - Condensation Shield            Ice                          4
   d - Petrify                        Transmutation/Earth          4
   e - Ignite Poison                  Fire/Transmutation           5
   f - Irradiate                      Conjuration/Transmutation    5
 y - a book of Ice

   Spells                             Type                      Level
   a - Ice Form                       Ice/Transmutation            4
   b - Metabolic Englaciation         Hexes/Ice                    5
   c - Ozocubu's Refrigeration        Ice                          6
   d - Bolt of Cold                   Conjuration/Ice              6
   e - Freezing Cloud                 Conjuration/Ice/Air          6
   f - Simulacrum                     Ice/Necromancy               6
 C - a book of Changes

   Spells                             Type                      Level
   a - Beastly Appendage              Transmutation                1
   b - Sticks to Snakes               Transmutation                2
   c - Spider Form                    Transmutation/Poison         3
   d - Ice Form                       Ice/Transmutation            4
   e - Blade Hands                    Transmutation                5
Comestibles
 d - 6 bread rations
 o - 2 meat rations
 t - 2 slices of pizza
 I - 5 chunks of flesh


   Skills:
 - Level 3.2 Fighting
 + Level 14.5 Axes
 - Level 3.2 Armour
 + Level 1.5 Dodging
 - Level 3.6 Shields


You had 9 spell levels left.
You didn't know any spells.

Dungeon Overview and Level Annotations

Branches:
Dungeon (10/15)            Temple (0/1) D:4
   Lair: D:8-11         Orc: D:9-12

Altars:
Cheibriados
Elyvilon
Kikubaaqudgha
Okawaru
Qazlal

Shops:
D:6 !


Innate Abilities, Weirdness & Mutations

You are under a permanent stasis effect.
You can dig through walls and to a lower floor.
Your four strong arms can wield two-handed weapons with a shield.
You have a pair of large antennae on your head (SInv).
You have a beak for a mouth.
You are mostly covered in iridescent scales (AC +6).
You can breathe flames.
You possess an exceptional clarity of mind.
You are clumsy. (Dex -2)
You have an increased reservoir of magic (+10% MP).
You heal slowly when monsters are visible.
You can spit poison.
Your spells are a little harder to cast, but a little more powerful.
You have difficulty communicating with the divine.


Message History

You hit the warg. Your peck misses the warg.
The warg is almost dead.
The warg barely misses you.
You slash the warg!
You kill the warg!
Okawaru accepts your kill.
Drink which item? (? for menu, Esc to quit)
Okay, then.
Drink which item? (? for menu, Esc to quit)
You feel very mighty all of a sudden.
You closely miss the orc warrior. Your peck misses the orc warrior.
The orc warrior is lightly wounded.
You block the orc warrior's attack.
You closely miss the orc warrior. Your peck misses the orc warrior.
The orc warrior is lightly wounded.
You block the orc warrior's attack.
You hit the orc warrior. You peck the orc warrior.
The orc warrior is moderately wounded.
The orc warrior hits you with a scimitar!
You die...

#..##
#..####..#########
..................
.........o........
##..####..######..
#. #..# #.{#
#..#### { #..oo@#
#..#### #..# #..#
#..# #<.# ####


You could see 2 orc warriors.

Vanquished Creatures
  A deep elf mage (D:9)
  A spriggan (D:7)
  Eustachio (D:6)
  A hungry ghost (D:9)
  Edmund (D:8)
  Menkaure (D:7)
  3 wargs (D:10)
  5 phantoms
  A necrophage (D:6)
  An orc warrior (D:9)
  7 sky beasts
  A black bear (D:8)
  3 ogres
  2 ice beasts (D:5)
  2 centaurs
  Sigmund (D:7)
  Duvessa (D:8)
  Blork the orc (D:4)
  3 giant frogs
  4 scorpions
  7 crimson imps
  Dowan (D:8)
  A goliath beetle (D:6)
  A giant frog zombie (D:5)
  2 orc priests (D:6)
  6 hounds
  2 jellies
  6 orc wizards
  10 worker ants
  An iguana (D:9)
  A hound zombie (D:7)
  9 gnolls
  2 river rats (D:6)
  10 adders
  A shadow imp (D:5)
  A giant mite (D:5)
  4 worms
  2 adder zombies
  2 oozes
  23 orcs
  A ball python (D:3)
  19 bats
  7 giant cockroaches
  10 hobgoblins
  8 jackals
  14 kobolds
  8 quokkas
  6 giant geckos
  5 giant newts
  8 goblins
  A quokka skeleton (D:6)
  21 rats
  A ballistomycete (D:9)
242 creatures vanquished.

Vanquished Creatures (others)
  A necrophage (D:10)
  A scorpion (D:9)
  2 giant spores
  A rat (D:10)
5 creatures vanquished.

Grand Total: 247 creatures vanquished

Notes
Turn   | Place    | Note
--------------------------------------------------------------
     0 | D:1      | NewYearsCrawler, the Formicid Fighter, began the quest for the Orb.
     0 | D:1      | Reached XP level 1. HP: 18/18 MP: 1/1
     1 | D:1      | Found an iron altar of Okawaru.
   140 | D:2      | Reached XP level 2. HP: 9/24 MP: 3/3
   901 | D:1      | Reached XP level 3. HP: 29/29 MP: 4/4
   951 | D:1      | Gained mutation: You have difficulty communicating with the divine. [potion of mutation]
   951 | D:1      | Gained mutation: You have a beak for a mouth. [potion of mutation]
   951 | D:1      | Gained mutation: You can spit poison. [potion of mutation]
  1107 | D:1      | Reached skill level 4 in Axes
  1107 | D:1      | Reached XP level 4. HP: 35/35 MP: 5/5
  1354 | D:1      | Found a snail-covered altar of Cheibriados.
  1513 | D:1      | Became a worshipper of Warmaster Okawaru
  2004 | D:3      | Reached XP level 5. HP: 33/41 MP: 7/7
  2009 | D:3      | Reached skill level 5 in Axes
  2290 | D:4      | Reached XP level 6. HP: 28/47 MP: 8/8
  2483 | D:4      | Reached skill level 6 in Axes
  2558 | D:4      | Noticed Blork the orc
  2567 | D:4      | Killed Blork the orc
  2790 | D:4      | Reached XP level 7. HP: 50/52 MP: 9/9
  2856 | D:4      | Reached skill level 7 in Axes
  3056 | D:4      | Found a staircase to the Ecumenical Temple.
  3278 | D:5      | Entered Level 5 of the Dungeon
  3597 | D:5      | Acquired Okawaru's first power
  3609 | D:5      | Reached skill level 8 in Axes
  3771 | D:5      | Got a pitted falchion
  3772 | D:5      | Identified the +6 falchion "Toopoeg" {drain, +Inv rF- rC+} (You found it on level 5 of the Dungeon)
  3796 | D:5      | Reached XP level 8. HP: 21/58 MP: 11/11
  4163 | D:5      | Reached skill level 9 in Axes
  4169 | D:5      | Gained mutation: You are clumsy. (Dex -2) [mutagenic meat]
  4170 | D:5      | Gained mutation: You heal slowly when monsters are visible. [mutagenic meat]
  4540 | D:6      | Noticed Eustachio
  4570 | D:6      | Killed Eustachio
  4708 | D:6      | Reached skill level 10 in Axes
  4975 | D:6      | Reached XP level 9. HP: 49/64 MP: 12/12
  5053 | D:6      | Found an iron altar of Okawaru.
  5234 | D:6      | Reached skill level 11 in Axes
  5252 | D:6      | Gained mutation: Scrolls take you a little longer to read. [mutagenic meat]
  5253 | D:6      | Gained mutation: You are partially covered in iridescent scales (AC +4). [mutagenic meat]
  5254 | D:6      | Gained mutation: You possess an exceptional clarity of mind. [mutagenic meat]
  5394 | D:6      | Gained mutation: You are mostly covered in iridescent scales (AC +6). [mutagenic meat]
  5395 | D:6      | Gained mutation: You can breathe flames. [mutagenic meat]
  5396 | D:6      | Gained mutation: You are resistant to hostile enchantments. [mutagenic meat]
  5553 | D:6      | Found Ceiziu's Distillery.
  5558 | D:6      | Bought a potion of mutation for 32 gold pieces
  5558 | D:6      | Bought a potion of heal wounds for 65 gold pieces
  5558 | D:6      | Bought a potion of curing for 39 gold pieces
  5558 | D:6      | Bought 2 potions of might for 104 gold pieces
  5558 | D:6      | Bought a potion of curing for 39 gold pieces
  5558 | D:6      | Lost mutation: Scrolls take you a little longer to read. [potion of mutation]
  5558 | D:6      | Gained mutation: You have an increased reservoir of magic (+10% MP). [potion of mutation]
  5559 | D:6      | Gained mutation: Your spells are a little harder to cast, but a little more powerful. [potion of beneficial mutation]
  5751 | D:7      | Noticed Sigmund
  5774 | D:7      | Killed Sigmund
  5779 | D:7      | Reached skill level 12 in Axes
  6378 | D:7      | Noticed Menkaure
  6387 | D:7      | Killed Menkaure
  6511 | D:7      | Reached XP level 10. HP: 66/70 MP: 14/14
  6785 | D:8      | Reached skill level 13 in Axes
  6850 | D:8      | Noticed Edmund
  6872 | D:8      | Killed Edmund
  6998 | D:8      | Noticed Dowan
  7000 | D:8      | Noticed Duvessa
  7015 | D:8      | Killed Duvessa
  7029 | D:8      | Killed Dowan
  7136 | D:8      | Reached skill level 1 in Dodging
  7962 | D:9      | Found a white marble altar of Elyvilon.
  8069 | D:9      | Lost mutation: You are resistant to hostile enchantments. [mutagenic meat]
  8135 | D:9      | Found an ancient bone altar of Kikubaaqudgha.
  8138 | D:9      | Noticed an orange demon
  8238 | D:9      | Reached skill level 14 in Axes
  8483 | D:9      | Found a stormy altar of Qazlal.
  8802 | D:10     | Entered Level 10 of the Dungeon
  8824 | D:10     | Identified a +0 rod of shadows (11/11) (You found it on level 10 of the Dungeon)
  8838 | D:10     | Noticed an unseen horror
  8839 | D:10     | Noticed a hill giant
  9042 | D:10     | Slain by an orc warrior

Action                   |  1- 3 |  4- 6 |  7- 9 | 10-12 || total
-------------------------+-------+-------+-------+-------++-------
Melee: War axe           |    75 |   154 |   414 |   272 ||   915
       Falchion          |       |       |    12 |       ||    12
 Abil: Spit Poison       |       |       |     2 |       ||     2
       Breathe Fire      |       |       |     1 |       ||     1
       Dig               |       |       |       |     2 ||     2
Evoke: Rod               |       |       |       |     2 ||     2
  Use: Potion            |     3 |     3 |     8 |     2 ||    16
       Scroll            |       |       |    10 |     1 ||    11
  Eat: Chunk             |     1 |     5 |    21 |    10 ||    37
       Bread ration      |       |       |       |     1 ||     1
